 Dungeon Crawl Stone Soup version 0.28-a0-1629-gf728b707aa (webtiles) character file.

Game seed: 12753484067792483524

150 GordonOverkill the Stinger (level 5, 0/58 HPs)
             Began as a Barachi Venom Mage on Jan 24, 2022.
             Was a Priest of Lugonu.
             Succumbed to a scorpion's poison
             ... on level 3 of the Dungeon.
             The game lasted 00:08:01 (5262 turns).

GordonOverkill the Stinger (Barachi Venom Mage)     Turns: 5262, Time: 00:08:01

Health: 0/58       AC:  6    Str: 11    XL:     5   Next: 32%
Magic:  8/8        EV: 10    Int: 16    God:    Lugonu [***...]
Gold:   22         SH:  3    Dex: 12    Spells: 7/8 levels left

rFire   . . .      SeeInvis .   s - +0 hand axe (elec)
rCold   . . .      Faith    .   n - +0 buckler
rNeg    . . .      Spirit   .   k - +0 ring mail
rPois   .          Reflect  .   (no helmet)
rElec   .          Harm     .   e - +0 cloak
rCorr   .          Rampage  .   (no gloves)
Will    .....                   (no boots)
Stlth   ..........              (no amulet)
HPRegen 0.19/turn               (no ring)
MPRegen 0.11/turn               (no ring)

@: berserking, lethally poisoned (0 -> -16), quick
A: amphibious, slowness 1, strong legs 1, +LOS
a: Hop, Renounce Religion, Depart the Abyss, Bend Space, Banish


You were on level 3 of the Dungeon.
You worshipped Lugonu.
Lugonu was most pleased with you.
You visited 1 branch of the dungeon, and saw 4 of its levels.

You collected 225 gold pieces.
You spent 203 gold pieces at shops.

Inventory:

Hand Weapons
 s - a +0 hand axe of electrocution (weapon)
Missiles
 f - 16 poisoned darts
Armour
 e - a +0 cloak (worn)
 k - a +0 ring mail (worn)
 n - a +0 buckler (worn)
Jewellery
 r - a ring of wizardry
Scrolls
 a - a scroll of summoning
 h - a scroll of holy word {unknown}
 m - a scroll of brand weapon {unknown}
 q - a scroll of blinking {unknown}
 t - a scroll of teleportation
Potions
 b - a potion of lignification
 d - a potion of flight
 g - a potion of haste
 i - a potion of resistance
 l - a potion of ambrosia
 o - a potion of magic {unknown}
 p - a potion of degeneration {unknown}


   Skills:
 + Level 2.5 Fighting
 + Level 2.6 Axes
 - Level 2.1 Dodging
 - Level 1.7 Stealth
 + Level 1.2 Shields
 - Level 2.4 Spellcasting
 - Level 1.6 Transmutations
 - Level 3.5 Poison Magic
 + Level 1.8 Invocations


You had 7 spell levels left.
You knew the following spells:

 Your Spells              Type           Power      Damage    Failure   Level
a - Sting                 Tmut/Pois      40%        1d5       22%         1

Your spell library contained the following spells:

 Spells                   Type           Power      Damage    Failure   Level
 Poisonous Vapours        Pois/Air       14%        N/A       43%         2
 Spider Form              Tmut/Pois      10%        N/A       56%         3
 Ensorcelled Hibernation  Hex/Ice        2%         N/A       69%         2
 Mephitic Cloud           Conj/Pois/Air  5%         N/A       77%         3
 Olgreb's Toxic Radiance  Pois           13%        N/A       83%         4
 Anguish                  Hex/Necr       0%         N/A       100%        4


Dungeon Overview and Level Annotations

Branches:
Dungeon (4/15)
 Temple: D:4-7

Altars:
Lugonu

Shops:
D:2 (   D:4 :?


Innate Abilities, Weirdness & Mutations

You are amphibious.
You cover ground slowly.
You can hop short distances.
You have an extended range of vision and can be seen from far away.


Message History

The scorpion stings you.
You hit the scorpion but do no damage.
The scorpion is almost dead.
You feel sick.
The scorpion stings you but does no damage.
The scorpion stings you.
* * * LOW HITPOINT WARNING * * *
You barely miss the scorpion.
The scorpion is almost dead.
You feel very sick. The scorpion completely misses you.
You hit the scorpion but do no damage.
The scorpion is almost dead.
You feel sick. The scorpion barely misses you. The scorpion stings you!
* * * LOW HITPOINT WARNING * * *
You are lethally poisoned!
The scorpion poisons you!
It was a potion of berserk rage.
A red film seems to cover your vision as you go berserk!
You feel yourself moving faster!
You feel mighty!
* * * LOW HITPOINT WARNING * * *
You feel very sick. The scorpion stings you.
* * * LOW HITPOINT WARNING * * *
You are more poisoned.
The scorpion poisons you!
You closely miss the scorpion.
The scorpion is almost dead.
* * * LOW HITPOINT WARNING * * *
You feel very sick. You block the scorpion's attack.
You closely miss the scorpion.
The scorpion is almost dead.
* * * LOW HITPOINT WARNING * * *
You feel very sick. The scorpion barely misses you.
You hit the scorpion.
You kill the scorpion!
Lugonu accepts your kill.
You die...

....##########.#######
†...#...##≈§§##......#
)...#.###§≈§≈≈######.#
###.#.##≈≈...≈≈#...#.#
....#.##≈.....≈###.#.#
###.#..#.......#.#.#.# #
#.#.....#.##...#.#.#
###.#.#.....##.###.#.#
(..............)@..#.#
#####.#..#####.###.#.#####
# #.#..# #.....#.....# #
#.#.)# #############.# ##
#.#..# #.............# .#
#.#..# #.############# .##
#.#..# #.# ..#
#....###'##### ..#
#...###......#


There were no monsters in sight!

Vanquished Creatures
  A scorpion (D:3)
  A hound skeleton (D:3)
  3 adders
  A gnoll (D:3)
  An ufetubus (D:2)
  A worm (D:2)
  4 dart slugs
  An orc (D:3)
  14 ball pythons
  6 bats
  10 endoplasms
  A giant cockroach (D:3)
  10 goblins
  6 hobgoblins
  9 kobolds
  2 quokkas (D:2)
  4 frilled lizards
  2 rats
77 creatures vanquished.

Notes
Turn   | Place    | Note
-------+----------+-------------------------------------------
     0 | D:1      | GordonOverkill the Barachi Venom Mage began the quest for
                  | the Orb.
     0 | D:1      | Reached XP level 1. HP: 13/13 MP: 3/3
   476 | D:1      | Reached XP level 2. HP: 14/20 MP: 0/5
  1063 | D:1      | Found a faded altar of an unknown god.
  1074 | D:1      | Reached skill level 1 in Fighting
  1250 | D:1      | Prayed at the altar of an unknown god.
  1250 | D:1      | Became a worshipper of Lugonu the Unformed
  1250 | D:1      | Reached * piety under Lugonu
  1250 | D:1      | Reached ** piety under Lugonu
  1960 | D:1      | Reached XP level 3. HP: 26/26 MP: 1/6
  2283 | D:2      | Found Dehizude's Weapon Shop.
  2621 | D:2      | Reached skill level 1 in Axes
  2650 | D:2      | You fall into a shaft and drop 2 floors!
  2650 | D:4      | Found Ziorue's Book Emporium.
  2660 | D:4      | Reached skill level 1 in Invocations
  2812 | D:3      | Reached XP level 4. HP: 32/33 MP: 2/7
  4167 | D:2      | Reached *** piety under Lugonu
  4328 | D:2      | Reached XP level 5. HP: 35/38 MP: 8/8
  4475 | D:2      | Reached skill level 1 in Shields
  5056 | D:4      | Found Vaxaef's Magic Scroll Emporium.
  5063 | D:4      | Bought a scroll of identify for 28 gold pieces
  5063 | D:4      | Bought a scroll of summoning for 133 gold pieces
  5063 | D:4      | Bought a scroll of teleportation for 42 gold pieces
  5262 | D:3      | Succumbed to a scorpion's poison

Illustrated notes

Levels and vault maps discovered:
D:1:      lemuel_arrival_muddy, layout_basic, nicolae_ecumenical_snake_handling
D:2:      layout_loops_ring, serial_shops, nicolae_shop_bloodbath_and_beyond,
          minmay_strange_pillars, corexii_leaking_fountain,
          minmay_divided_ellipse
D:3:      layout_basic, kennysheep_nub
D:4:      layout_basic, serial_shops, shop, nicolae_shop_stone,
          nicolae_shop_behind_doors, nicolae_shop_advertising_works
          [nicolae_subvault_shop_adworks], shop

Skill      XL: |  1  2  3  4  5 |
---------------+----------------+-----
Fighting       | 1 2 |  2.5
Axes           | 1 2 |  2.6
Invocations    | 1 |  1.8
Shields        | 1 |  1.2
Dodging        | |  2.1
Stealth        | |  1.7
Spellcasting   | |  2.4
Transmutations | |  1.6
Poison Magic   | |  3.5

Action                   |  1- 3 |  4- 6 || total
-------------------------+-------+-------++-------
Melee: Short sword       |     1 |       ||     1
       Hand axe          |     9 |   141 ||   150
       Punch             |     1 |       ||     1
 Cast: Sting             |    69 |    14 ||    83
 Abil: Hop               |     1 |       ||     1
  Use: Potion            |       |     4 ||     4
       Scroll            |       |     2 ||     2
Armor: Robe              |     5 |       ||     5
       Leather armour    |     2 |     1 ||     3
       Ring mail         |       |    55 ||    55
Dodge: Dodged            |    23 |    85 ||   108
Block: Buckler           |       |    20 ||    20

Table legend: (Time is in decaauts)
 A = Elapsed time spent in this place.
 B = Non-inter-level travel time spent in this place.
 C = Inter-level travel time spent in this place.
 D = Time resting spent in this place.
 E = Time spent auto-exploring this place.
 F = Levels seen in this place.
 G = Mean time per level.
                   A        B        C        D        E       F      G
               +--------+--------+--------+--------+--------+-----+--------+
         Total |   5791 |   5486 |    305 |   2187 |   2398 |   4 | 1447.8 |
       Dungeon |   5791 |   5486 |    305 |   2187 |   2398 |   4 | 1447.8 |
               +--------+--------+--------+--------+--------+-----+--------+

Top non-repeatable levels by time:
     D:1: 2270 daAuts
     D:2: 1943 daAuts
     D:3: 1307 daAuts
     D:4: 270 daAuts
